 Dungeon Crawl Stone Soup version 0.27.0-1-g7a089689b8 (webtiles) character file.

Game seed: 2586966995851381222

48 SnakkuSnakku7 the Grave Robber (level 3, -3/28 HPs)
             Began as a Merfolk Necromancer on Aug 7, 2021.
             Slain by an adder (5 damage)
             ... on level 2 of the Dungeon.
             The game lasted 00:03:19 (2226 turns).

SnakkuSnakku7 the Grave Robber (MfNe)               Turns: 2226, Time: 00:03:22

Health: -3/28      AC:  2    Str:  9    XL:     3   Next: 72%
Magic:  5/6        EV: 12    Int: 14    God:
Gold:   76         SH:  0    Dex: 14    Spells: 5/6 levels left

rFire    . . .     SeeInvis .   a - +0 spear
rCold    . . .     Faith    .   (no shield)
rNeg     . . .     Spirit   .   f - +0 robe
rPois    .         Reflect  .   (no helmet)
rElec    .         Harm     .   (no cloak)
rCorr    .         Rampage  .   (no gloves)
Will     .....                  (no boots)
Stlth    ++........             (no amulet)
HPRegen  0.09/turn              (no ring)
MPRegen  0.10/turn              (no ring)

@: no status effects
A: (nimble swimmer 2), mertail
a: no special abilities


You were on level 2 of the Dungeon.
You visited 1 branch of the dungeon, and saw 3 of its levels.

You collected 76 gold pieces.

Inventory:

Hand Weapons
 a - a +0 spear (weapon)
 c - a +0 dagger of draining
Armour
 f - a +0 robe (worn)
Scrolls
 b - 3 scrolls of identify {unknown}
 d - 2 scrolls of fog {unknown}
 g - a scroll of magic mapping {unknown}
 h - a scroll of teleportation {unknown}
 i - a scroll of immolation {unknown}
Potions
 e - a potion of degeneration {unknown}


   Skills:
 - Level 2.5 Fighting
 + Level 3.0 Polearms
 - Level 2.6 Dodging
 - Level 2.1 Stealth
 - Level 2.0 Spellcasting
 - Level 3.2 Necromancy


You had 5 spell levels left.
You knew the following spells:

 Your Spells              Type           Power      Damage    Failure   Level
a - Pain                  Necr           40%        1d6       6%          1

Your spell library contained the following spells:

 Spells                   Type           Power      Damage    Failure   Level
 Animate Skeleton         Necr           20%        N/A       6%          1
 Vampiric Draining        Necr           5%         2d6       19%         3
 Animate Dead             Necr           5%         N/A       52%         4
 Agony                    Necr           10%        N/A       86%         5


Dungeon Overview and Level Annotations

Branches:
Dungeon (3/15)

Altars:

Annotations:
D:2 exclusion: 2 iguanas


Innate Abilities, Weirdness & Mutations

((You are quick and stealthy near water. (Stealth+, EV+, Speed+++)))
Your lower body shifts to a powerful aquatic tail in water.


Message History

The rat bites you. The adder bites you.
You barely miss the rat.
The rat is moderately wounded.
The rat barely misses you. The adder closely misses you. The adder bites you.
The adder closely misses you.
You closely miss the adder. The adder bites you but does no damage.
You hit the adder.
The adder is lightly wounded.
The adder bites you.
You are poisoned.
The adder poisons you! The adder misses you.
You barely miss the adder.
The adder is lightly wounded.
You feel sick. The adder closely misses you.
You hit the adder but do no damage.
The adder is lightly wounded.
You feel sick. The adder bites you.
You hit the adder.
The adder is moderately wounded.
You feel sick. The adder barely misses you. x2
You closely miss the adder.
The adder is moderately wounded.
You feel sick. The adder bites you.
* * * LOW HITPOINT WARNING * * *
You hit the adder.
The adder is heavily wounded.
You feel sick. The adder bites you but does no damage.
You hit the adder.
The adder is severely wounded.
You feel sick. The adder closely misses you.
Casting: Pain (safe; 6% risk of failure)
Confirm with . or Enter, or press ? or * to list all spells.
Aiming: Pain (safe; 6% risk of failure)
Press: ? - help, Shift-Dir - straight line, f/p - rat
Aim: a rat (moderately wounded, chance to affect: 78%)
The adder struggles to resist.
You feel sick.
You are no longer poisoned.
The adder bites you.
You die...

#........## #.
#####...............
.......#............
..................
.#####..#....###.#...
.....................
######..............
######.#....##......
#..@Sr..............
######.##.#.##.##.#.
#.##.#.##......
#.##.#.#####.#.
#.##.#.### #.#.
#.##.....# #.#.
#.####.#####.#.
#.........)..#.
######.#####.#.


You could see an adder and a rat.

Vanquished Creatures
  A worm (D:2)
  2 endoplasms (D:2)
  2 giant cockroaches
  4 goblins (D:1)
  7 hobgoblins
  6 kobolds
  2 ball pythons
  13 bats
  3 frilled lizards
  A rat (D:2)
41 creatures vanquished.

Notes
Turn   | Place    | Note
-------+----------+-------------------------------------------
     0 | D:1      | SnakkuSnakku7 the Merfolk Necromancer began the quest for
                  | the Orb.
     0 | D:1      | Reached XP level 1. HP: 13/13 MP: 3/3
    46 | D:1      | Found a faded altar of an unknown god.
   457 | D:1      | Reached skill level 1 in Fighting
   519 | D:1      | Reached XP level 2. HP: 6/22 MP: 0/5
  1324 | D:1      | Reached skill level 1 in Polearms
  1324 | D:1      | Reached XP level 3. HP: 17/28 MP: 6/6
  1608 | D:2      | You fall into a shaft and drop 1 floor!
  2226 | D:2      | Slain by an adder

Illustrated notes

Levels and vault maps discovered:
D:1:      evilmike_arrival_rings, layout_rooms, basic_ecumenical_altar,
          minmay_quantized
D:2:      layout_basic
D:3:      kennysheep_big_flooded_room, layout_loops_ring,
          mainiacjoe_overflow_tiny_flanked, mainiacjoe_overflow_surrounded_room,
          fedhas_altar_2, serial_shops, nicolae_shop_statue_plus,
          roderic_batcave, chequers_garden, uniq_crazy_yiuf_cottage

Skill      XL: |  1  2  3 |
---------------+----------+-----
Fighting       | 1 2 |  2.5
Polearms       | 1 3 |  3.0
Dodging        | |  2.6
Stealth        | |  2.1
Spellcasting   | |  2.0
Necromancy     | |  3.2

Action                   || total
-------------------------++-------
Melee: Unarmed           ||     7
       Dagger            ||    43
       Spear             ||   139
 Cast: Pain              ||    19
 Stab: Sleeping          ||     4
Armor: Robe              ||    36
Dodge: Dodged            ||   122
